 Dungeon Crawl Stone Soup version 0.19-a0-1932-g59670f6 (webtiles) character file.

133 dobroeutro the Shooter (level 4, -1/38 HPs)
             Began as a Centaur Hunter on Oct 25, 2016.
             Was an Initiate of Okawaru.
             Slain by Natasha (8 damage)
             ... on level 4 of the Dungeon.
             The game lasted 00:04:43 (2913 turns).

dobroeutro the Shooter (Centaur Hunter)             Turns: 2913, Time: 00:04:44

Health: -1/38      AC:  4    Str: 14    XL:     4   Next: 93%
Magic:  4/4        EV:  9    Int: 10    God:    Okawaru [......]
Gold:   154        SH:  0    Dex: 11    Spells: 0 memorised, 3 levels left

rFire  . . .     SeeInvis +     s - +0 dagger (speed)
rCold  . . .     Gourm    .     c - +0 leather armour
rNeg   . . .     Faith    .     (no shield)
rPois  .         Spirit   .     (no helmet)
rElec  .         Reflect  .     (no cloak)
rCorr  .         Harm     .     (no gloves)
MR     .....                    (no barding)
Stlth  +.........               (no amulet)
                                (no ring)
                                r - ring of see invisible

@: slowed
A: hooves 3, deformed body, speed 2, tough skin 3
a: Renounce Religion


You were on level 4 of the Dungeon.
You worshipped Okawaru.
Okawaru was noncommittal.
You were not hungry.

You visited 2 branches of the dungeon, and saw 5 of its levels.

You collected 154 gold pieces.

Inventory:

Hand Weapons
 a - a +1 shortbow
 b - a +0 short sword
 s - a +0 dagger of speed (weapon)
Missiles
 d - 139 arrows
Armour
 c - a +0 leather armour (worn)
Jewellery
 r - a ring of see invisible (left hand)
Wands
 p - a wand of confusion (24/48)
Scrolls
 e - 2 scrolls of recharging {unknown}
 g - 2 scrolls of random uselessness {unknown}
 j - a scroll of blinking {unknown}
 o - a scroll of teleportation {unknown}
 q - a scroll of identify {unknown}
Potions
 h - a potion of beneficial mutation {unknown}
 i - a potion of mutation {unknown}
 k - 2 potions of haste {unknown}
 l - 2 potions of ambrosia {unknown}
 m - 2 potions of brilliance {unknown}
 n - 3 potions of curing {unknown}
Comestibles
 f - 4 bread rations
 t - 7 chunks of flesh


   Skills:
 + Level 3.4 Fighting
 + Level 2.4 Short Blades
 + Level 6.2 Bows
 - Level 1.3 Dodging
 - Level 0.4 Stealth


You had 3 spell levels left.
You didn't know any spells.

Dungeon Overview and Level Annotations

Branches:
Dungeon (4/15)             Temple (1/1) D:4

Altars:
Ashenzari
Cheibriados
Dithmenos
Elyvilon
Gozag
Makhleb
Nemelex Xobeh
Okawaru
Ru
Sif Muna
Trog
Uskayaw
Vehumet
Xom
Yredelemnul
Zin
The Shining One

Annotations:
D:4 Natasha


Innate Abilities, Weirdness & Mutations

You have hooves in place of feet.
Armour fits poorly on your strangely shaped body.
You cover ground very quickly.
You have extremely tough skin. (AC +3)


Message History

Natasha is severely wounded.
Natasha casts a spell at you. You resist with some effort.
You closely miss Natasha.
Natasha is severely wounded.
Natasha misses you.
You hit Natasha. Your kick misses Natasha.
Natasha is severely wounded.
Natasha casts a spell at you.
You feel as though you will be slow longer.
You closely miss Natasha. You kick Natasha.
Natasha is almost dead.
You closely miss Natasha.
Natasha is almost dead.
Natasha claws you.
* * * LOW HITPOINT WARNING * * *
You hit Natasha.
Natasha is almost dead.
Natasha claws you!
You die...

#..# #.........#
#####..# ##.........#
.......#####..........#
...###.##....##########
##........####
####...####
..........####
####.####....#######
#.# ####....@h.# >.#
#######.# #.## ... #.
...# .. ...# h..# #
...# ##.. ...# .....


You could see Natasha.

Vanquished Creatures
  A hound (D:4)
  2 adders
  An adder skeleton (D:4)
  A worm (D:3)
  2 dart slugs (D:1)
  2 leopard geckos
  3 orcs (D:3)
  9 bats
  2 giant cockroaches
  5 goblins
  8 hobgoblins
  11 jackals
  5 kobolds
  2 quokkas
  7 frilled lizards
  3 rats
64 creatures vanquished.

Notes
Turn   | Place    | Note
-------+----------+-------------------------------------------
     0 | D:1      | dobroeutro the Centaur Hunter began the quest for the Orb.
     0 | D:1      | Reached XP level 1. HP: 17/17 MP: 1/1
   182 | D:1      | Reached skill level 1 in Short Blades
   199 | D:1      | Reached XP level 2. HP: 11/24 MP: 2/2
   729 | D:1      | Reached XP level 3. HP: 20/30 MP: 3/3
  1133 | D:2      | Found a deep blue altar of Sif Muna.
  1711 | D:3      | Found a shattered altar of Ashenzari.
  1946 | D:3      | Reached XP level 4. HP: 32/38 MP: 4/4
  2136 | D:4      | Found a staircase to the Ecumenical Temple.
  2167 | Temple   | Entered the Ecumenical Temple
  2174 | Temple   | Became a worshipper of Warmaster Okawaru
  2394 | D:4      | Noticed Natasha
  2394 | D:4      | Noticed an ogre
  2504 | D:4      | Reached skill level 6 in Bows
  2913 | D:4      | Slain by Natasha

Vault maps used:
D:1:      lordsloth_arrival_two_stooges
D:2:      nicolae_overflow_crystal_walls, first_bread
D:3:      nicolae_ashenzari_panopticon
D:4:      uniq_natasha
Temple:   nicolae_temple_no_exploring_needed

Skill      XL: |  1  2  3  4 |
---------------+-------------+-----
Short Blades   | 1 2 |  2.4
Fighting       | 3 |  3.4
Bows           | 6 |  6.2
Dodging        | |  1.3
Stealth        | |  0.4

Action                   |  1- 3 |  4- 6 || total
-------------------------+-------+-------++-------
Melee: Short sword       |   204 |    21 ||   225
       Kick              |    28 |    30 ||    58
       Dagger            |       |    85 ||    85
  Eat: Chunk             |     2 |     3 ||     5
Armor: Leather armour    |    77 |    24 ||   101
Dodge: Dodged            |    96 |    31 ||   127
